2787 views
Uploaded 2020-04-03 01:22:06
Game version 1.32.3
39:57 long 1on1 ladder game on (2)ConcealedHill
Saved by BEARAND
2787 views
Uploaded 2020-04-03 01:22:06
Game version 1.32.3
39:57 long 1on1 ladder game on (2)ConcealedHill

35 units @ 4.5k
/ 0.5k
92 buildings @ 4.2k
/ 2.4k



| Lesser Clarity Potion | 6 | 420 |
| Scroll of Regeneration | 4 | 400 |
| Potion of Healing | 3 | 450 |
| Staff of Sanctuary | 3 | 750 |
| Potion of Mana | 1 | 200 |
| Orb of Fire | 1 | 325 |
| Boots of Speed | 3 | 750 |
| Staff of Teleportation | 3 | 450 |
| total: | 24 | 3745g |
| Peasant | 21 | 1575 | / | 0 |
| Sorceress | 2 | 310 | / | 40 |
| Priest | 1 | 135 | / | 10 |
| Dragonhawk Rider | 7 | 1400 | / | 210 |
| Gryphon Rider | 4 | 1120 | / | 280 |
| total: | 35 | 4540g | / | 540w |
| Scout Tower | 78 | 2340 | / | 1560 |
| Arcane Tower | 6 | 420 | / | 300 |
| Guard Tower | 50 | 3500 | / | 2500 |
| Altar of Kings | 1 | 180 | / | 50 |
| Farm | 6 | 480 | / | 120 |
| Lumber Mill | 1 | 120 | / | 0 |
| Arcane Vault | 1 | 130 | / | 30 |
| Town Hall | 1 | 385 | / | 205 |
| Blacksmith | 1 | 140 | / | 60 |
| Barracks | 1 | 160 | / | 60 |
| Arcane Sanctum | 1 | 150 | / | 140 |
| Gryphon Aviary | 1 | 140 | / | 150 |
| Keep | 1 | 320 | / | 210 |
| Castle | 1 | 360 | / | 210 |
| total: | 92 | 4225g | / | 2375w |
| 0:01 | Peasant |
| 0:01 | Peasant |
| 0:06 | Altar of Kings |
| 0:10 | Peasant |
| 0:18 | Farm |
| 0:31 | Lumber Mill |
| 0:32 | Scout Tower |
| 0:36 | Peasant |
| 0:51 | Peasant |
| 1:02 | Peasant |
| 1:07 | Peasant |
| 1:19 | Farm |
| 1:20 | Arcane Vault |
| 1:27 | Scout Tower |
| 1:34 | Arcane Tower |
| 1:46 | Peasant |
| 1:50 | Peasant |
| 2:00 | Peasant |
| 2:05 | Scout Tower |
| 2:05 | Guard Tower |
| 2:07 | Flame Strike |
| 2:40 | Guard Tower |
| 2:41 | Scout Tower |
| 2:42 | Peasant |
| 2:42 | Peasant |
| 2:42 | Peasant |
| 3:13 | Peasant |
| 3:14 | Guard Tower |
| 3:17 | Siphon Mana |
| 3:32 | Lesser Clarity Potion |
| 3:33 | Scroll of Regeneration |
| 3:40 | Peasant |
| 3:40 | Peasant |
| 4:49 | Peasant |
| 4:49 | Peasant |
| 4:49 | Peasant |
| 5:17 | Boots of Speed |
| 5:17 | Staff of Teleportation |
| 5:23 | Improved Masonry |
| 5:25 | Keep |
| 5:28 | Farm |
| 5:28 | Farm |
| 5:29 | Scout Tower |
| 5:29 | Scout Tower |
| 5:30 | Scout Tower |
| 6:38 | Lesser Clarity Potion |
| 6:40 | Scroll of Regeneration |
| 6:43 | Scroll of Regeneration |
| 7:30 | Flame Strike |
| 7:35 | Guard Tower |
| 7:43 | Lesser Clarity Potion |
| 7:45 | Lesser Clarity Potion |
| 7:46 | Guard Tower |
| 8:32 | Guard Tower |
| 8:34 | Castle |
| 8:41 | Arcane Sanctum |
| 8:43 | Farm |
| 8:43 | Farm |
| 9:05 | Blizzard |
| 9:55 | Advanced Masonry |
| 9:59 | Lesser Clarity Potion |
| 10:01 | Scroll of Regeneration |
| 10:06 | Scout Tower |
| 10:07 | Scout Tower |
| 10:07 | Scout Tower |
| 10:08 | Scout Tower |
| 10:08 | Scout Tower |
| 10:14 | Sorceress |
| 10:14 | Sorceress Adept Training |
| 10:15 | Priest |
| 10:15 | Magic Sentry |
| 10:27 | Priest Adept Training |
| 11:23 | Potion of Healing |
| 11:34 | Staff of Sanctuary |
| 11:52 | Guard Tower |
| 11:52 | Guard Tower |
| 12:00 | Scout Tower |
| 12:00 | Scout Tower |
| 12:06 | Scout Tower |
| 12:16 | Imbued Masonry |
| 13:09 | Potion of Healing |
| 13:17 | Potion of Mana |
| 13:26 | Gryphon Aviary |
| 13:38 | Staff of Sanctuary |
| 13:58 | Scout Tower |
| 13:59 | Scout Tower |
| 14:28 | Guard Tower |
| 14:31 | Guard Tower |
| 14:34 | Town Hall |
| 15:11 | Scout Tower |
| 15:11 | Scout Tower |
| 15:12 | Scout Tower |
| 15:12 | Scout Tower |
| 15:17 | Dragonhawk Rider |
| 15:52 | Scout Tower |
| 15:53 | Scout Tower |
| 16:02 | Scout Tower |
| 16:03 | Scout Tower |
| 16:09 | Guard Tower |
| 16:10 | Scout Tower |
| 16:11 | Scout Tower |
| 16:11 | Scout Tower |
| 16:35 | Dragonhawk Rider |
| 16:37 | Gryphon Rider |
| 16:54 | Siphon Mana |
| 17:21 | Brilliance Aura |
| 17:36 | Scout Tower |
| 17:37 | Scout Tower |
| 17:49 | Potion of Healing |
| 18:17 | Guard Tower |
| 18:18 | Peasant |
| 18:25 | Gryphon Rider |
| 18:25 | Gryphon Rider |
| 18:40 | Guard Tower |
| 18:42 | Scout Tower |
| 18:43 | Scout Tower |
| 18:43 | Scout Tower |
| 18:44 | Dragonhawk Rider |
| 18:47 | Blacksmith |
| 18:47 | Barracks |
| 18:56 | Scout Tower |
| 18:56 | Scout Tower |
| 19:07 | Improved Lumber Harvesting |
| 19:18 | Storm Hammers |
| 19:20 | Guard Tower |
| 20:05 | Guard Tower |
| 20:07 | Iron Forged Swords |
| 20:17 | Scout Tower |
| 20:18 | Scout Tower |
| 20:20 | Advanced Lumber Harvesting |
| 20:25 | Peasant |
| 20:32 | Arcane Tower |
| 20:54 | Boots of Speed |
| 20:54 | Staff of Teleportation |
| 21:11 | Animal War Training |
| 21:20 | Blizzard |
| 21:25 | Flame Strike |
| 21:55 | Cluster Rockets |
| 21:57 | Staff of Sanctuary |
| 21:57 | Orb of Fire |
| 22:21 | Guard Tower |
| 22:21 | Guard Tower |
| 22:32 | Scout Tower |
| 22:35 | Scout Tower |
| 22:35 | Scout Tower |
| 22:59 | Scout Tower |
| 22:59 | Scout Tower |
| 23:00 | Scout Tower |
| 23:28 | Guard Tower |
| 23:30 | Guard Tower |
| 23:30 | Guard Tower |
| 24:15 | Engineering Upgrade |
| 24:34 | Gryphon Rider |
| 24:42 | Arcane Tower |
| 24:42 | Guard Tower |
| 24:45 | Guard Tower |
| 24:47 | Scout Tower |
| 24:47 | Scout Tower |
| 24:49 | Scout Tower |
| 24:49 | Scout Tower |
| 24:52 | Scout Tower |
| 24:53 | Scout Tower |
| 24:53 | Scout Tower |
| 24:53 | Scout Tower |
| 24:54 | Scout Tower |
| 25:01 | Boots of Speed |
| 25:01 | Staff of Teleportation |
| 25:09 | Scout Tower |
| 25:09 | Scout Tower |
| 25:10 | Scout Tower |
| 25:10 | Scout Tower |
| 25:23 | Steel Forged Swords |
| 25:24 | Studded Leather Armor |
| 25:31 | Guard Tower |
| 25:58 | Guard Tower |
| 26:00 | Sorceress |
| 26:02 | Guard Tower |
| 26:02 | Guard Tower |
| 26:03 | Arcane Tower |
| 26:04 | Guard Tower |
| 26:25 | Guard Tower |
| 26:53 | Guard Tower |
| 27:23 | Guard Tower |
| 27:24 | Guard Tower |
| 27:27 | Scout Tower |
| 27:27 | Scout Tower |
| 27:37 | Guard Tower |
| 27:38 | Scout Tower |
| 27:38 | Scout Tower |
| 27:42 | Guard Tower |
| 28:00 | Guard Tower |
| 28:57 | Scout Tower |
| 28:57 | Scout Tower |
| 28:58 | Scout Tower |
| 28:58 | Scout Tower |
| 29:01 | Guard Tower |
| 29:30 | Guard Tower |
| 29:31 | Scout Tower |
| 29:32 | Scout Tower |
| 29:32 | Scout Tower |
| 29:33 | Scout Tower |
| 29:52 | Brilliance Aura |
| 30:00 | Guard Tower |
| 30:24 | Scout Tower |
| 30:25 | Scout Tower |
| 30:25 | Scout Tower |
| 30:25 | Scout Tower |
| 30:27 | Scout Tower |
| 30:27 | Scout Tower |
| 30:28 | Scout Tower |
| 30:28 | Scout Tower |
| 30:29 | Arcane Tower |
| 30:29 | Arcane Tower |
| 30:30 | Guard Tower |
| 30:47 | Cluster Rockets |
| 31:05 | Guard Tower |
| 31:25 | Guard Tower |
| 32:04 | Dragonhawk Rider |
| 32:04 | Dragonhawk Rider |
| 32:21 | Guard Tower |
| 32:24 | Scout Tower |
| 32:25 | Scout Tower |
| 32:29 | Mithril Forged Swords |
| 32:29 | Reinforced Leather Armor |
| 33:05 | Guard Tower |
| 34:17 | Dragonhawk Rider |
| 34:17 | Dragonhawk Rider |
| 35:31 | Summon Phoenix |
| 37:12 | Lesser Clarity Potion |
| Right click | 4598 |
| Select | 1157 |
| Select group | 863 |
| Build/train/purchase | 310 |
| Use ability | 171 |
| Misc. action | 35 |
| Assign group | 34 |
| Chat | 15 |
| Item give/drop | 4 |
| Remove unit | 1 |
80 units @ 11.1k
/ 2.7k
29 buildings @ 4.3k
/ 2.1k


| Scroll of Regeneration | 1 | 100 |
| Lesser Clarity Potion | 1 | 70 |
| Staff of Sanctuary | 1 | 250 |
| Orb of Fire | 1 | 325 |
| total: | 4 | 745g |
| Peasant | 28 | 2100 | / | 0 |
| Footman | 6 | 810 | / | 0 |
| Mortar Team | 28 | 5040 | / | 1960 |
| Rifleman | 4 | 820 | / | 120 |
| Knight | 2 | 490 | / | 120 |
| Dragonhawk Rider | 1 | 200 | / | 30 |
| Flying Machine | 9 | 900 | / | 270 |
| Goblin Shredder | 2 | 750 | / | 200 |
| total: | 80 | 11110g | / | 2700w |
| Scout Tower | 3 | 90 | / | 60 |
| Guard Tower | 2 | 140 | / | 100 |
| Arcane Tower | 1 | 70 | / | 50 |
| Altar of Kings | 1 | 180 | / | 50 |
| Farm | 11 | 880 | / | 220 |
| Barracks | 1 | 160 | / | 60 |
| Lumber Mill | 1 | 120 | / | 0 |
| Arcane Vault | 1 | 130 | / | 30 |
| Blacksmith | 2 | 280 | / | 120 |
| Town Hall | 5 | 1925 | / | 1025 |
| Workshop | 3 | 420 | / | 420 |
| Gryphon Aviary | 1 | 140 | / | 150 |
| Keep | 1 | 320 | / | 210 |
| Castle | 1 | 360 | / | 210 |
| total: | 29 | 4325g | / | 2135w |
| 0:01 | Peasant |
| 0:06 | Altar of Kings |
| 0:09 | Farm |
| 0:14 | Peasant |
| 0:15 | Barracks |
| 0:30 | Peasant |
| 0:42 | Peasant |
| 0:51 | Farm |
| 0:58 | Peasant |
| 1:13 | Peasant |
| 1:17 | Footman |
| 1:31 | Peasant |
| 1:38 | Footman |
| 1:54 | Farm |
| 2:00 | Farm |
| 2:13 | Summon Water Elemental |
| 2:17 | Peasant |
| 2:18 | Footman |
| 2:22 | Farm |
| 2:45 | Lumber Mill |
| 3:03 | Footman |
| 3:04 | Footman |
| 3:12 | Brilliance Aura |
| 3:20 | Keep |
| 3:26 | Scout Tower |
| 3:40 | Arcane Vault |
| 4:27 | Footman |
| 4:29 | Blacksmith |
| 5:09 | Guard Tower |
| 6:01 | Peasant |
| 6:01 | Peasant |
| 6:16 | Workshop |
| 6:51 | Blacksmith |
| 6:52 | Workshop |
| 6:56 | Scout Tower |
| 7:00 | Scroll of Regeneration |
| 7:00 | Lesser Clarity Potion |
| 7:07 | Storm Bolt |
| 7:26 | Farm |
| 7:27 | Farm |
| 7:38 | Mortar Team |
| 7:42 | Goblin Shredder |
| 8:02 | Farm |
| 8:14 | Arcane Tower |
| 8:17 | Rifleman |
| 8:46 | Rifleman |
| 8:59 | Summon Water Elemental |
| 9:05 | Bash |
| 9:15 | Mortar Team |
| 9:25 | Peasant |
| 9:25 | Peasant |
| 9:53 | Peasant |
| 10:29 | Town Hall |
| 10:53 | Mortar Team |
| 11:18 | Mortar Team |
| 11:37 | Gryphon Aviary |
| 11:58 | Mortar Team |
| 12:14 | Workshop |
| 12:16 | Castle |
| 12:49 | Mortar Team |
| 13:49 | Mortar Team |
| 13:49 | Mortar Team |
| 14:10 | Mortar Team |
| 14:22 | Rifleman |
| 15:08 | Mortar Team |
| 15:13 | Fragmentation Shards |
| 15:38 | Rifleman |
| 15:55 | Mortar Team |
| 16:41 | Knight |
| 16:42 | Knight |
| 16:46 | Farm |
| 17:43 | Mortar Team |
| 19:04 | Dragonhawk Rider |
| 20:07 | Mortar Team |
| 20:29 | Staff of Sanctuary |
| 20:29 | Orb of Fire |
| 20:33 | Farm |
| 22:04 | Goblin Shredder |
| 22:18 | Mortar Team |
| 23:00 | Flying Machine |
| 23:00 | Flying Machine |
| 23:04 | Flak Cannons |
| 23:15 | Brilliance Aura |
| 23:28 | Flying Machine |
| 23:45 | Flying Machine |
| 24:24 | Flying Machine |
| 24:24 | Flying Machine |
| 24:46 | Flying Machine |
| 24:53 | Town Hall |
| 25:08 | Flying Machine Bombs |
| 25:33 | Storm Bolt |
| 25:39 | Mortar Team |
| 25:43 | Mortar Team |
| 25:45 | Flying Machine |
| 25:54 | Scout Tower |
| 26:00 | Flying Machine |
| 26:22 | Guard Tower |
| 26:45 | Mortar Team |
| 27:51 | Peasant |
| 27:51 | Peasant |
| 27:51 | Peasant |
| 27:52 | Peasant |
| 27:52 | Peasant |
| 28:36 | Mortar Team |
| 28:37 | Mortar Team |
| 29:02 | Mortar Team |
| 29:27 | Mortar Team |
| 30:35 | Town Hall |
| 31:33 | Mortar Team |
| 31:57 | Bash |
| 32:04 | Summon Water Elemental |
| 32:07 | Peasant |
| 32:07 | Peasant |
| 32:07 | Peasant |
| 32:08 | Peasant |
| 32:24 | Mortar Team |
| 32:25 | Mortar Team |
| 33:16 | Mortar Team |
| 33:30 | Mortar Team |
| 33:49 | Mortar Team |
| 34:20 | Town Hall |
| 34:22 | Peasant |
| 34:22 | Peasant |
| 34:22 | Peasant |
| 34:23 | Peasant |
| 37:33 | Mortar Team |
| 37:38 | Peasant |
| 37:39 | Peasant |
| 37:57 | Farm |
| 38:41 | Town Hall |
| Select group | 5497 |
| Right click | 4781 |
| Select | 817 |
| Build/train/purchase | 152 |
| Misc. action | 123 |
| Assign group | 87 |
| Chat | 50 |
| Use ability | 40 |
| Esc | 7 |